 Dungeon Crawl Stone Soup version 0.30-a0-1018-g25214051b3 (webtiles) character file.

Game seed: 15909399548055536144

3048 Anon1729 the Placeless Spriggan (level 9, 0/45 HPs)
             Began as a Spriggan Reaver on Apr 7, 2023.
             Was an Initiate of Ashenzari.
             Slain by a hornet (16 damage)
             ... while paralysed by a hornet
             ... on level 7 of the Dungeon.
             The game lasted 00:36:37 (9491 turns).

Anon1729 the Placeless Spriggan (Spriggan Reaver)   Turns: 9491, Time: 00:36:38

Health: 0/45       AC:  2    Str:  8    XL:     9   Next: 57%
Magic:  17/19      EV:  4    Int: 19    God:    Ashenzari [......]
Gold:   375        SH:  0    Dex: 13    Spells: 10/20 levels left

rFire   . . .      SeeInvis +    k - +2 dagger of Ashenzari's Suspicion {freeze, Elem, Cun} (curse)
rCold   . . .      Faith    .    (no shield)
rNeg    . . .      Spirit   .    b - +0 robe
rPois   .          Reflect  .    (helmet restricted)
rElec   .          Rampage  .    (no cloak)
rCorr   .                        (gloves unavailable)
Will    +....                    (boots unavailable)
Stlth   ++++                     o - amulet of magic regeneration
HPRegen 0.27/turn                (no ring)
MPRegen 0.56/turn                (no ring)

@: paralysed, lethally poisoned (0 -> -12), slowed, very quick
A: very small, no large weapons, unfitting armour, see invisible, speed 3
a: Renounce Religion, Shatter the Chains


You were on level 7 of the Dungeon.
You worshipped Ashenzari.
Ashenzari was noncommittal.
You visited 2 branches of the dungeon, and saw 9 of its levels.

You collected 375 gold pieces.

Inventory:

Hand Weapons
 a - a +0 short sword
 k - the cursed +2 dagger of Ashenzari's Suspicion (weapon) {freeze, Elem, Cun}
   (You took it off a kobold on level 2 of the Dungeon)

   It has a curse which improves the following skills: Elements: Fire Magic, Ice
   Magic, Air Magic and Earth Magic.
   Cunning:   Dodging and Stealth.
 l - a +1 vampiric dagger
 y - a +4 falchion of draining
 C - a +4 antimagic spear
Missiles
 i - 59 stones
 u - 13 poisoned darts
 v - 5 atropa-tipped darts
Armour
 b - a +0 robe (worn)
Magical Staves
 r - a staff of earth
Jewellery
 o - an amulet of magic regeneration (around neck)
Wands
 n - a wand of paralysis (13)
 D - a wand of flame (11)
Scrolls
 d - 3 scrolls of fear
 g - a scroll of brand weapon
 h - 5 scrolls of teleportation
 j - a scroll of enchant armour {unknown}
 m - 2 scrolls of immolation {unknown}
 q - 2 scrolls of enchant weapon
 s - 3 scrolls of amnesia
 w - 2 scrolls of magic mapping {unknown}
 x - 2 scrolls of acquirement {unknown}
 A - a scroll of poison {unknown}
Potions
 c - a potion of flight
 e - a potion of might
 f - a potion of curing {unknown}
 p - a potion of degeneration {unknown}
 t - a potion of brilliance
 z - a potion of magic {unknown}
 B - a potion of heal wounds
 E - a potion of ambrosia {unknown}


   Skills:
 + Level 4.0 Fighting
 - Level 5.0 Short Blades
 + Level 7.0(7.4) Dodging
 + Level 8.7(9.1) Stealth
 + Level 6.4 Spellcasting
 - Level 2.3 Conjurations
 + Level 2.6 Summonings
 * Level 9.5 Translocations
 + Level 2.4 Poison Magic


You had 10 spell levels left.
You knew the following spells:

 Your Spells              Type           Power      Damage    Failure   Level
a - Kiss of Death         Conj/Necr      40%        2d8       7%          1
b - Magic Dart            Conj           60%        1d6       4%          1
c - Gell's Gravitas       Tloc           42%        N/A       1%          3
d - Teleport Other        Tloc           42%        N/A       1%          3
e - Call Imp              Summ           32%        N/A       5%          2

Your spell library contained the following spells:

 Spells                   Type           Power      Damage    Failure   Level
 Lesser Beckoning         Tloc           84%        N/A       1%          2
 Momentum Strike          Conj/Tloc      56%        3d9       1%          2
 Summon Small Mammal      Summ           64%        N/A       3%          1
 Sting                    Tmut/Pois      40%        1d5       7%          1
 Poisonous Vapours        Pois/Air       20%        N/A       10%         2
 Beastly Appendage        Tmut           12%        N/A       11%         1
 Call Canine Familiar     Summ           16%        N/A       11%         3
 Ensorcelled Hibernation  Hex/Ice        12%        N/A       16%         2
 Wereblood                Tmut           6%         N/A       16%         2
 Mephitic Cloud           Conj/Pois/Air  12%        N/A       17%         3
 Summon Guardian Golem    Hex/Summ       11%        N/A       19%         3
 Hailstorm                Conj/Ice       10%        3d5       21%         3
 Spider Form              Tmut/Pois      10%        N/A       21%         3
 Olgreb's Toxic Radiance  Pois           15%        N/A       36%         4
 Anguish                  Hex/Necr       3%         N/A       71%         4


Dungeon Overview and Level Annotations

Branches:
Dungeon (8/15)             Temple (1/1) D:5
   Lair: D:8-11

Altars:
Ashenzari
Cheibriados
Dithmenos
Elyvilon
Fedhas
Gozag
Hepliaklqana
Kikubaaqudgha
Nemelex Xobeh
Okawaru
Qazlal
Ru
Sif Muna
Trog
Uskayaw
Vehumet
Xom
Yredelemnul
Zin
The Shining One

Shops:
D:2 :[(:=

Annotations:
D:2 exclusion: phantom
D:3 exclusion: downstairs
D:4 Dowan, Duvessa
D:7 exclusion: steam dragon


Innate Abilities, Weirdness & Mutations

You are very small and have problems with some larger weapons.
You are too small for most types of armour.
You have supernaturally acute eyesight. (SInv)
You cover ground extremely quickly. (Speed+++)


Message History

You now have 375 gold pieces (gained 15).
u - 12 poisoned darts (gained 3)
u - 13 poisoned darts (gained 1);
E - a golden potion A steam dragon comes into view.
A steam dragon is nearby!
A steam dragon is nearby!
Press: ? - help, v - describe, . - travel
Here: a steam dragon (asleep)
The floor.
Placed new exclusion.
The kobold brigand shouts!
You hear an angry buzzing noise.
The kobold brigand throws a curare-tipped dart.
The curare-tipped dart hits you.
You are poisoned.
You have difficulty breathing.
You feel yourself slow down.
You feel sick.
You feel sick.
Casting: Teleport Other (safe; 1% risk of failure)
Confirm with . or Enter, or press ? or * to list all spells.
Aiming: Teleport Other (safe; 1% risk of failure)
Press: ? - help, Shift-Dir - straight line, f/p - hornet
Aim: a hornet (chance to affect: 69%)
The hornet looks slightly unstable.
You feel sick.
You feel sick.
The hornet disappears!
The hornet reappears nearby!
You feel sick.
You feel sick.
The kobold brigand throws a curare-tipped dart.
The curare-tipped dart closely misses you.
You feel sick.
You are no longer poisoned.
The hornet closely misses you.
Casting: Teleport Other (safe; 1% risk of failure)
Confirm with . or Enter, or press ? or * to list all spells.
Aiming: Teleport Other (safe; 1% risk of failure)
Press: ? - help, Shift-Dir - straight line, f/p - hornet
Aim: a hornet (chance to affect: 69%)
The hornet looks slightly unstable.
The hornet stings you!
You are poisoned.
You suddenly lose the ability to move!
The hornet stings you!
You die...

.. ##
###############§#
##.##..#...#...#..#.#
#..........#........#
#..........'........#
##.....##.###..###..#
#.....###########'##
#.......[..≈~###....
#..@......~PP≈.#####
####y.##....~~.~~...
##..##............
#.......~P.P.~.~P#
#.......~~########
#......####.....#<
##.###K# #...### ###
#..####...###
.........()..


You could see a hornet (teleporting) and a kobold brigand.

Vanquished Creatures
  Pikel (D:3)
  Grinder (D:5)
  Prince Ribbit (D:5)
  A wyvern (D:6)
  Eustachio (D:6)
  A water moccasin (D:6)
  An orc warrior (D:7)
  A sky beast (D:6)
  An ice beast (D:6)
  2 ogres (D:4)
  A lemure (D:3)
  A phantom (D:6)
  Blork the orc (D:4)
  A kobold brigand (D:7)
  A gnoll sergeant (D:5)
  4 scorpions
  A howler monkey (D:7)
  4 hounds
  4 jellies
  Jessica (D:3)
  An orc wizard (D:5)
  4 iguanas
  A sleepcap (D:5)
  Natasha (thrice) (D:3)
  7 gnolls
  12 adders
  A shadow imp (D:7)
  A white imp (D:7)
  2 ufetubi (D:5)
  A dart slug (D:4)
  A worm (D:3)
  15 orcs
  7 bats
  3 bat zombies (D:3)
  7 endoplasms
  2 giant cockroaches
  8 goblins
  6 hobgoblins
  17 jackals
  16 kobolds
  2 quokkas (D:2)
  8 ball pythons
  6 frilled lizards
  7 rats
  2 rat zombies (D:3)
170 creatures vanquished.

Vanquished Creatures (others)
  A demonic plant (D:8)
  8 fungi (D:7)
  16 plants (D:8)
25 creatures vanquished.

Grand Total: 195 creatures vanquished

Notes
Turn   | Place    | Note
-------+----------+-------------------------------------------
     0 | D:1      | Anon1729 the Spriggan Reaver began the quest for the Orb.
     0 | D:1      | Reached XP level 1. HP: 10/10 MP: 5/5
   224 | D:1      | Learned a level 1 spell: Magic Dart
   248 | D:1      | Reached XP level 2. HP: 14/15 MP: 6/6
   290 | D:1      | Reached skill level 1 in Stealth
   364 | D:1      | Found a faded altar of an unknown god.
   545 | D:1      | Reached XP level 3. HP: 18/18 MP: 8/8
   808 | D:1      | Learned a level 3 spell: Gell's Gravitas
   872 | D:2      | Found Nunlaiss's Book Shop.
  1017 | D:2      | Found a radiant altar of Vehumet.
  1066 | D:2      | Found Dairetzacy's Antique Weapon Boutique.
  1136 | D:2      | Reached skill level 1 in Translocations
  1334 | D:2      | Noticed a phantom
  1350 | D:2      | Found Rinuer's Book Shoppe.
  1370 | D:2      | Reached XP level 4. HP: 23/23 MP: 5/9
  1406 | D:2      | Found Xokeneti's Armour Emporium.
  1615 | D:2      | Reached skill level 2 in Translocations
  1784 | D:2      | Found Riv Lobu's Jewellery Boutique.
  2204 | D:3      | Noticed Natasha
  2214 | D:3      | Killed Natasha
  2282 | D:3      | Noticed Jessica
  2285 | D:3      | Killed Jessica
  2286 | D:3      | Reached XP level 5. HP: 26/26 MP: 7/11
  2361 | D:3      | Noticed Natasha
  2380 | D:3      | Killed Natasha
  2381 | D:3      | Reached skill level 3 in Translocations
  2399 | D:3      | Noticed Natasha
  2404 | D:3      | Killed Natasha
  2851 | D:3      | Found an ancient bone altar of Kikubaaqudgha.
  2905 | D:4      | Noticed Duvessa
  2905 | D:4      | Noticed Dowan
  2951 | D:4      | Noticed a lemure
  3074 | D:3      | Killed a lemure
  3126 | D:4      | Reached XP level 6. HP: 27/30 MP: 9/12
  3199 | D:4      | Noticed Pikel
  3328 | D:3      | Killed Pikel
  3329 | D:3      | Reached skill level 5 in Translocations
  3329 | D:3      | Reached XP level 7. HP: 25/35 MP: 10/14
  3805 | D:4      | Noticed Blork the orc
  3865 | D:4      | Learned a level 3 spell: Teleport Other
  3983 | D:4      | Reached skill level 5 in Dodging
  4080 | D:4      | Reached skill level 6 in Translocations
  4258 | D:4      | Reached XP level 8. HP: 28/39 MP: 13/16
  4484 | D:4      | Learned a level 2 spell: Call Imp
  4542 | D:4      | Killed Blork the orc
  4670 | D:5      | Entered Level 5 of the Dungeon
  4675 | D:5      | Reached skill level 5 in Spellcasting
  4908 | D:5      | Reached skill level 5 in Short Blades
  5244 | D:5      | Reached skill level 7 in Translocations
  5417 | D:5      | Noticed Grinder
  5446 | D:5      | Reached skill level 1 in Summonings
  6388 | D:5      | Noticed Prince Ribbit
  6457 | D:5      | Found a glowing golden altar of the Shining One.
  6750 | D:5      | Killed Grinder
  6858 | D:5      | Found a staircase to the Ecumenical Temple.
  6897 | D:5      | Killed Prince Ribbit
  6898 | D:5      | Reached skill level 8 in Translocations
  6898 | D:5      | Reached skill level 1 in Poison Magic
  6944 | Temple   | Entered the Ecumenical Temple
  7138 | Temple   | Became a worshipper of Ashenzari the Shackled
  7211 | D:6      | Reached XP level 9. HP: 34/44 MP: 14/18
  7247 | D:6      | Noticed Eustachio
  7262 | D:6      | Killed Eustachio
  7955 | D:6      | Reached skill level 9 in Translocations
  8885 | D:7      | Found an opulent altar of Gozag.
  9347 | D:7      | Paralysed by a hornet for 3 turns
  9491 | D:7      | Paralysed by a hornet for 1 turns
  9491 | D:7      | Slain by a hornet

Illustrated notes

Levels and vault maps discovered:
D:1:      amcnicky_arrival_abandoned_market, layout_basic,
          chequers_ecumenical_altar_simple
D:2:      layout_basic, serial_shops, nicolae_shop_hallway_plus, shop,
          nicolae_lakefront_shop, nicolae_square_shop, nicolae_shop_stone,
          basic_altar
D:3:      layout_rooms, lemuel_zombie_altar_kikubaaqudgha, uniq_jessica,
          uniq_natasha
D:4:      layout_loops_cross, uniq_pikel, uniq_duvessa, uniq_blork_the_orc
D:5:      cheibrodos_helix_gallery, layout_basic, tso_metal_star,
          minmay_temple_entry_statues, serial_bayou_pond_c,
          grunt_decor_one_mirror, grunt_ministairs_2, uniq_prince_ribbit1,
          uniq_grinder
D:6:      layout_loops_ring, uniq_eustachio
D:7:      kennysheep_steamy, layout_gridville,
          mainiacjoe_overflow_concentric_impassable
D:8:      layout_gridville, mainiacjoe_overflow_small_starburst, serial_demonic,
          serial_demonic_d, serial_demonic_e, serial_demonic_b,
          serial_demonic_f, nicolae_transmutations_shop, serial_bayou_lake_a,
          uniq_maggie
Temple:   bh_familiar_temple

Skill      XL: |  1  2  3  4  5  6  7  8  9 |
---------------+----------------------------+-----
Dodging        | 3 4 5 6 7 |  7.0
Stealth        | 1 2 3 4 6 7 8 |  8.7
Spellcasting   | 3 4 5 6 |  6.4
Translocations | 1 2 3 5 6 8 9 |  9.5
Short Blades   | 4 5 |  5.0
Fighting       | 2 3 4 |  4.0
Summonings     | 1 2 |  2.6
Poison Magic   | 1 2 |  2.4
Conjurations   | |  2.3

Action                     |  1- 3 |  4- 6 |  7- 9 || total
---------------------------+-------+-------+-------++-------
  Melee: Short sword       |   124 |       |       ||   124
         Punch             |     1 |       |     1 ||     2
         Dagger            |    43 |    65 |   162 ||   270
  Throw: Dart              |       |       |     4 ||     4
   Cast: Magic Dart        |    17 |   125 |   350 ||   492
         Gell's Gravitas   |     1 |     9 |    25 ||    35
         Kiss of Death     |       |     1 |     4 ||     5
         Teleport Other    |       |       |    12 ||    12
         Call Imp          |       |       |    12 ||    12
 Invoke: Curse Item        |       |       |     1 ||     1
  Evoke: Wand              |       |     3 |     1 ||     4
    Use: Potion            |     1 |       |     4 ||     5
         Scroll            |       |       |     5 ||     5
   Stab: Sleeping          |     3 |     6 |    10 ||    19
 Armour: Robe              |    16 |     6 |    17 ||    39
  Dodge: Dodged            |   127 |    53 |   198 ||   378

Table legend: (Time is in decaauts)
 A = Elapsed time spent in this place.
 B = Non-inter-level travel time spent in this place.
 C = Inter-level travel time spent in this place.
 D = Time resting spent in this place.
 E = Time spent auto-exploring this place.
 F = Levels seen in this place.
 G = Mean time per level.
                   A        B        C        D        E       F      G
               +--------+--------+--------+--------+--------+-----+--------+
         Total |   7249 |   6983 |    266 |   1413 |   3590 |   9 |  805.4 |
       Dungeon |   7107 |   6872 |    235 |   1413 |   3482 |   8 |  888.4 |
        Temple |    142 |    112 |     30 |      0 |    107 |   1 |  142.0 |
               +--------+--------+--------+--------+--------+-----+--------+

Top non-repeatable levels by time:
     D:4: 1477 daAuts
     D:5: 1344 daAuts
     D:3: 1020 daAuts
     D:7: 928 daAuts
     D:2: 819 daAuts
     D:6: 792 daAuts
     D:1: 573 daAuts
     D:8: 150 daAuts
  Temple: 142 daAuts
